AoeStats
← FrankSinatrap

Hideout

510005494Analyzed
1v1 RM · 3d ago on Sep 29, 2026· 24m 58s· 2 players
Game mode
Random Map
Map size
Tiny (2 player)
Population
200
Speed
Normal
Resources
Standard
Victory
Conquest
Starting age
Dark Age
Ending age
Imperial Age
RankedLock teamsTeams togetherTeam positionsShared explorationLock speedFull tech treeHidden civsTurbo modeCheats
Victory
Defeat
🇲🇽 Saracens · Mexico
1320
+16
🇹🇼 Varangians · Taiwan
1310
-16
Feather
9:49 Feudal Age
10:44 Double-Bit Axe
11:28 Horse Collar
12:07 Loom
13:32 Fletching
13:51 Padded Archer Armor
16:46 Wheelbarrow
24:13 Castle Age
23:04 Gold Mining
24:34 Elite Skirmisher
25:12 Bodkin Arrow
FrankSinatrap
8:49 Feudal Age
7:52 Loom
9:16 Double-Bit Axe
11:36 Fletching
14:42 Padded Archer Armor
23:48 Castle Age
22:33 Scale Barding Armor
23:07 Bloodlines
24:26 Bodkin Arrow
23:53 Crossbowman
Connection lost

Rejoining the realm…

Still unreachable

The connection could not be restored.

Session expired

The server has moved on; the page needs a fresh start.